 Dungeon Crawl Stone Soup version 0.24.0-37-gcf1ca852f1 (webtiles) character file.

Game seed: 217075888789165392, levelgen mode: deterministic

2875 Delamore the Severer (level 9, -5/70 HPs)
             Began as a Hill Orc Fighter on Nov 29, 2019.
             Was an Initiate of Okawaru.
             Slain by a wolf (8 damage)
             ... led by Grum
             ... on level 8 of the Dungeon.
             The game lasted 00:09:32 (7387 turns).

Delamore the Severer (Hill Orc Fighter)             Turns: 7387, Time: 00:09:34

Health: -5/70      AC: 12    Str: 22    XL:     9   Next: 76%
Magic:  9/9        EV:  7    Int:  8    God:    Okawaru [......]
Gold:   359        SH:  9    Dex: 10    Spells: 8/8 levels left

rFire    + . .     SeeInvis .   x - +1 hand axe (chop)
rCold    . . .     Gourm    .   c - +0 shield
rNeg     . . .     Faith    .   h - +2 chain mail {rF+}
rPois    .         Spirit   .   (no helmet)
rElec    .         Reflect  .   o - +0 cloak
rCorr    +         Harm     .   (no gloves)
MR       .....                  (no boots)
Stlth    ..........             (no amulet)
HPRegen  0.21/turn              q - ring of resist corrosion
MPRegen  0.11/turn              y - +2 ring of evasion

@: lethally poisoned (-5 -> -16), studying Long Blades
A: no striking features
a: Renounce Religion


You were on level 8 of the Dungeon.
You worshipped Okawaru.
Okawaru was noncommittal.
You were not hungry.

You visited 2 branches of the dungeon, and saw 9 of its levels.

You collected 359 gold pieces.

Inventory:

Hand Weapons
 a - a +0 war axe
 x - a +1 hand axe of chopping (weapon)
Missiles
 b - 2 javelins (quivered)
 n - 6 boomerangs of dispersal
 r - 6 datura-tipped darts
Armour
 c - a +0 shield (worn)
 h - a +2 chain mail of fire resistance (worn)
 o - a +0 cloak (worn)
Jewellery
 q - a ring of resist corrosion (left hand)
 y - a +2 ring of evasion (right hand)
Wands
 s - a wand of flame (18)
 w - a wand of acid (7)
Scrolls
 e - a scroll of blinking
 g - 4 scrolls of enchant weapon
 l - a scroll of fear {unknown}
 t - 3 scrolls of remove curse
 u - a scroll of magic mapping
 A - 4 scrolls of fog
 B - a scroll of immolation {unknown}
Potions
 d - 3 potions of might
 i - 5 potions of curing
 j - a potion of lignification
 k - 2 potions of agility {unknown}
 p - a potion of heal wounds
 z - a potion of flight {unknown}
Books
 m - a manual of Long Blades
Comestibles
 f - 13 rations
 v - 3 chunks of flesh


   Skills:
 - Level 3.6 Fighting
 + Level 16.1 Axes
 - Level 3.2 Armour
 - Level 3.2 Shields


You had 8 spell levels left.
You didn't know any spells.
Your spell library contained the following spells:

 Spells                   Type           Power        Failure   Level  Hunger
 Flame Tongue             Conj/Fire      #....        100%        1    ##.....
 Throw Flame              Conj/Fire      #.....       100%        2    ###....
 Conjure Flame            Conj/Fire      #.......     100%        3    ####...
 Inner Flame              Hex/Fire       #.......     100%        3    ####...
 Sticky Flame             Conj/Fire      #.......     100%        4    #####..
 Fireball                 Conj/Fire      #.........   100%        5    ######.


Dungeon Overview and Level Annotations

Branches:
Dungeon (8/15)             Temple (1/1) D:7
   Lair: D:8-11

Altars:
Ashenzari
Cheibriados
Dithmenos
Elyvilon
Fedhas
Gozag
Hepliaklqana
Kikubaaqudgha
Makhleb
Nemelex Xobeh
Okawaru
Qazlal
Ru
Sif Muna
Trog
Uskayaw
Vehumet
Wu Jian
Yredelemnul
The Shining One

Annotations:
D:8 Grum


Message History

* * * LOW HITPOINT WARNING * * *
You feel sick. The quasit barely misses you. The quasit claws you.
* * * LOW HITPOINT WARNING * * *
The quasit claws you but does no damage.
An orc comes into view. It is wielding a +0 hand axe.
The wolf bites you but does no damage. The quasit barely misses you.
You block the quasit's attack.
The quasit claws you but does no damage.
* * * LOW HITPOINT WARNING * * *
You feel sick. The wolf barely misses you.
* * * LOW HITPOINT WARNING * * *
You feel sick.
There is an escape hatch in the ceiling here.
* * * LOW HITPOINT WARNING * * *
You feel sick. The wolf bites you.
* * * LOW HITPOINT WARNING * * *
You block the quasit's attack.
The quasit claws you but does no damage.
The quasit barely misses you. The wolf bites you!
You die...

##.######## ##..##...#.#
###..........##
#.............#
##.....##.....####
##......#......##.####
##.................#..#..
#......##..h{.............
####..##.##.@5g.............
#...÷.....#....o..†.........
#..##...........†#.†........
##.#####....................
##.#.#.##..........≈≈.......
##...................≈≈......
#...................≈.......
#...<......#..........o....
..............#...............


You could see Grum, an orc warrior, a wolf and a quasit.

Vanquished Creatures
  Grinder (D:5)
  A hippogriff (D:6)
  An orc warrior (D:7)
  2 sky beasts (D:6)
  A phantom (D:4)
  A centaur (D:7)
  5 ogres
  A necrophage (D:6)
  A wolf (D:8)
  Blork the orc (D:4)
  3 bullfrogs
  A scorpion (Temple)
  3 killer bees (D:7)
  2 howler monkeys (D:6)
  A bullfrog zombie (D:6)
  4 crimson imps
  A centaur zombie (D:5)
  2 jellies
  A quasit (D:6)
  4 hounds
  A bullfrog skeleton (D:6)
  3 iguanas
  3 orc wizards
  Natasha (thrice) (D:2)
  4 worker ants
  2 hound skeletons
  4 adders
  A howler monkey skeleton (D:6)
  3 worms
  3 dart slugs
  6 leopard geckos
  15 orcs
  A ball python (D:6)
  9 bats
  3 giant cockroaches
  5 hobgoblins
  21 jackals
  7 quokkas
  5 frilled lizards
  A giant cockroach zombie (D:4)
  4 goblins
  5 kobolds
  A leopard gecko zombie (D:7)
  10 rats
157 creatures vanquished.

Notes
Turn   | Place    | Note
-------+----------+-------------------------------------------
     0 | D:1      | Delamore the Hill Orc Fighter began the quest for the Orb.
     0 | D:1      | Reached XP level 1. HP: 19/19 MP: 1/1
    16 | D:1      | Reached skill level 3 in Axes
   458 | D:1      | Reached XP level 2. HP: 19/26 MP: 2/2
   459 | D:1      | Reached skill level 4 in Axes
   773 | D:1      | Reached XP level 3. HP: 27/31 MP: 3/3
  1192 | D:2      | Reached skill level 5 in Axes
  1371 | D:2      | Noticed Natasha
  1383 | D:2      | Killed Natasha
  1383 | D:2      | Reached XP level 4. HP: 33/39 MP: 4/4
  1435 | D:2      | Noticed Natasha
  1447 | D:2      | Killed Natasha
  1447 | D:2      | Reached skill level 6 in Axes
  1700 | D:2      | Noticed Natasha
  1707 | D:2      | Reached XP level 5. HP: 28/45 MP: 5/5
  1712 | D:2      | Killed Natasha
  1712 | D:2      | Reached skill level 7 in Axes
  1917 | D:2      | Found a stormy altar of Qazlal.
  2160 | D:3      | Found a white marble altar of Elyvilon.
  2675 | D:4      | Noticed Blork the orc
  2689 | D:4      | Killed Blork the orc
  2689 | D:4      | Reached skill level 8 in Axes
  2689 | D:4      | Reached XP level 6. HP: 39/51 MP: 6/6
  3109 | D:4      | Noticed a phantom
  3112 | D:4      | Reached skill level 9 in Axes
  3167 | D:4      | Killed a phantom
  3167 | D:4      | Reached XP level 7. HP: 21/57 MP: 7/7
  3568 | D:4      | Reached skill level 10 in Axes
  3977 | D:5      | Entered Level 5 of the Dungeon
  4046 | D:5      | Noticed Grinder
  4048 | D:5      | Paralysed by Grinder for 3 turns
  4063 | D:5      | Killed Grinder
  4063 | D:5      | Reached skill level 11 in Axes
  4349 | D:5      | Reached XP level 8. HP: 26/64 MP: 8/8
  4708 | D:5      | Reached skill level 12 in Axes
  4830 | D:5      | Found a bloodstained altar of Trog.
  5187 | D:5      | Found an ornate altar of the Wu Jian Council.
  5549 | D:6      | Reached skill level 13 in Axes
  5645 | D:6      | Found a snail-covered altar of Cheibriados.
  5685 | D:6      | Reached skill level 14 in Axes
  5685 | D:6      | Reached XP level 9. HP: 58/70 MP: 9/9
  6433 | D:7      | Found a staircase to the Ecumenical Temple.
  6450 | D:7      | Reached skill level 15 in Axes
  6479 | Temple   | Entered the Ecumenical Temple
  6548 | Temple   | Became a worshipper of Warmaster Okawaru
  6568 | D:7      | Found a blossoming altar of Fedhas.
  6571 | D:7      | Found a burning altar of Makhleb.
  6571 | D:7      | Found a shadowy altar of Dithmenos.
  7282 | D:7      | Found a hazy altar of Hepliaklqana.
  7363 | D:8      | Noticed Grum
  7371 | D:8      | Reached skill level 16 in Axes
  7387 | D:8      | HP: 3/70 [wolf[Grum] (5)]
  7387 | D:8      | Slain by a wolf

Levels and vault maps discovered:
D:1:      tarquinn_simple_flora_water_e, layout_basic, minmay_three_crescents
D:2:      layout_basic, nicolae_qazlal_eye_of_the_storm, uniq_natasha
D:3:      layout_rooms, elyvilon_altar_1, first_ration,
          chequers_serial_rivers_micro_b
D:4:      layout_loops_corners, minmay_manual_mail, uniq_blork_the_orc
D:5:      layout_basic, kennysheep_mini, chequers_arboretum,
          trog_three_pillars_becter, uniq_grinder
D:6:      layout_cave_pods, cheibriados_altar_1
D:7:      layout_cave_pools, chequers_temple_overflow_statue_of_worship,
          nicolae_overflow_hidden_temple, minmay_temple_entry_mist
D:8:      layout_cave_pools, zin_academy, basic_altar,
          hangedman_little_slice_of_home, uniq_maurice, uniq_grum
Temple:   dshaligram_water_room_temple

Skill      XL: |  1  2  3  4  5  6  7  8  9 |
---------------+----------------------------+-----
Axes           | 3 4 5 6 8 9 11 14 16 | 16.1
Fighting       | |  3.6
Armour         | |  3.2
Shields        | |  3.2

Action                   |  1- 3 |  4- 6 |  7- 9 || total
-------------------------+-------+-------+-------++-------
Melee: War axe           |   139 |   188 |    80 ||   407
       Hand axe          |       |       |   265 ||   265
  Use: Scroll            |       |       |     7 ||     7
  Eat: Chunk             |     2 |     6 |    13 ||    21
Armor: Scale mail        |    18 |       |       ||    18
       Chain mail        |    92 |   111 |    61 ||   264
       Plate armour      |       |       |    65 ||    65
Dodge: Dodged            |    54 |    37 |    62 ||   153
Block: Shield            |   109 |    82 |   116 ||   307
